 Dungeon Crawl Stone Soup version 0.21-a0-143-g1ab7d47 (webtiles) character file.

31 4thArraOfDagon the Digger (level 3, 3/24 HPs)
             Began as a Formicid Earth Elementalist on July 25, 2017.
             Was an Initiate of Ru.
             Quit the game in an ossuary.
             The game lasted 00:06:29 (755 turns).

4thArraOfDagon the Digger (FoEE)                     Turns: 755, Time: 00:06:30

Health: 3/24       AC:  4    Str: 12      XL:     3   Next: 40%
Magic:  6/6        EV: 12    Int: 13 (15) God:    Ru [......]
Gold:   72         SH:  0    Dex: 11 (13) Spells: 5/6 levels left

rFire    . . .     SeeInvis +   j - +0 long sword
rCold    . . .     Gourm    .   (no shield)
rNeg     . . .     Faith    .   l - -1 robe (curse)
rPois    .         Spirit   .   (helmet unavailable)
rElec    .         Reflect  .   (no cloak)
rCorr    .         Harm     .   (no gloves)
MR       .....                  m - +2 pair of boots {Fly}
Stlth    ++........             (no amulet)
HPRegen  0.08/turn              (no ring)
MPRegen  0.10/turn              (no ring)

@: flying
A: permanent stasis, dig shafts and tunnels, four strong arms, antennae 3,
talons 1, thin skeletal structure 1, blurry vision 1
a: Dig, Shaft Self, Renounce Religion, Stop Flying


You were in an ossuary.
You worshipped Ru.
Ru was noncommittal.
You were not hungry.

You visited 2 branches of the dungeon, and saw 6 of its levels.
You also visited: Ossuary.

You collected 72 gold pieces.

Inventory:

Hand Weapons
 f - a +0 dagger
 j - a +0 long sword (weapon)
Missiles
 b - 18 stones (quivered)
Armour
 c - a +0 robe
 l - a cursed -1 robe (worn)
 m - a +2 pair of boots of flying (worn)
Scrolls
 a - 2 scrolls of teleportation
Books
 e - a book of Geomancy

   Spells                             Type                      Level
   a - Sandblast                      Earth                        1
   b - Passwall                       Transmutation/Earth          2
   c - Stone Arrow                    Conjuration/Earth            3
   d - Petrify                        Transmutation/Earth          4
   e - Lee's Rapid Deconstruction     Earth                        5
Comestibles
 d - 2 bread rations
 k - a royal jelly
 n - a meat ration


   Skills:
 - Level 1.7 Dodging
 - Level 2.4 Stealth
 - Level 2.1 Spellcasting
   Level 1.1 Transmutations
 * Level 5.1 Earth Magic


You had 5 spell levels left.
You knew the following spells:

 Your Spells              Type           Power        Failure   Level  Hunger
a - Sandblast             Erth           ##....       3%          1    ##.....


Dungeon Overview and Level Annotations

Branches:
Dungeon (7/15)             Temple (1/1) D:7

Altars:
Dithmenos
Elyvilon
Hepliaklqana
Kikubaaqudgha
Makhleb
Okawaru
Qazlal
Ru
Vehumet
Wu Jian
Zin

Annotations:
D:2 Robin


Innate Abilities, Weirdness & Mutations

You cannot be hasted, slowed, berserked, paralysed or teleported.
You can dig through walls and to a lower floor.
Your four strong arms can wield two-handed weapons with a shield.
You have a pair of large antennae on your head. (SInv)
You have sharp toenails.
You have a somewhat thin skeletal structure. (Dex +2, Stealth)
Scrolls take you a little longer to read.


Message History

You hit the kobold zombie but do no damage.
The kobold zombie closely misses you.
Unknown command.
You barely miss the kobold zombie. The kobold zombie hits you.
* * * LOW HITPOINT WARNING * * *
The kobold zombie barely misses you.
You riposte.
You barely miss the kobold zombie.
Unknown command.
You slash the kobold zombie!
You destroy the kobold zombie!
Unknown command.
There is an open door here.
Okay, then.
Unknown command.
Unknown command.
Are you sure you want to abandon this character and quit the game? (Confirm with "yes".)
Okay, then.
Are you sure you want to abandon this character and quit the game? (Confirm with "yes".)
Okay, then.
Are you sure you want to abandon this character and quit the game? (Confirm with "yes".)

#########
..#...#...#
..8...s.∩.#
#...# ##s##
#Z..# #.∩.#
#.@.# #####


You could see a scorpion and a human zombie.

Vanquished Creatures
  A scorpion zombie (Ossuary)
  A leopard gecko (D:4)
  An orc (D:4)
  A bat (D:3)
  4 goblins
  3 jackals (D:7)
  A kobold (D:3)
  A quokka (D:3)
  A ball python (D:3)
  A frilled lizard (D:4)
  A kobold zombie (Ossuary)
  2 rats (D:3)
18 creatures vanquished.

Notes
Turn   | Place    | Note
-------+----------+-------------------------------------------
     0 | D:1      | 4thArraOfDagon the Formicid Earth Elementalist began the quest for the Orb.
     0 | D:1      | Reached XP level 1. HP: 13/13 MP: 3/3
    36 | D:1      | You fall through a shaft!
    49 | D:2      | Noticed Robin
    53 | D:2      | You fall through a shaft!
    54 | D:3      | Found a radiant altar of Vehumet.
   129 | D:3      | Reached skill level 4 in Earth Magic
   178 | D:3      | Reached XP level 2. HP: 19/19 MP: 3/5
   553 | D:4      | You are sucked into a shaft for 3 floors!
   582 | D:7      | Reached XP level 3. HP: 17/24 MP: 6/6
   626 | D:7      | Found a staircase to the Ecumenical Temple.
   635 | Temple   | Entered the Ecumenical Temple
   676 | Temple   | MH
   679 | Temple   | Became a worshipper of Ru the Awakened
   720 | D:7      | Found a sand-covered staircase.
   727 | Ossuary  | Entered an ossuary
   737 | Ossuary  | Gained mutation: You have a somewhat thin skeletal structure. (Dex +2, Stealth) [potion of mutation]
   737 | Ossuary  | Gained mutation: Scrolls take you a little longer to read. [potion of mutation]
   737 | Ossuary  | Gained mutation: You have sharp toenails. [potion of mutation]
   742 | Ossuary  | Noticed a scorpion
   747 | Ossuary  | Reached skill level 5 in Earth Magic
   755 | Ossuary  | Quit the game

Vault maps used:
D:1:      minmay_arrival_semitransparent
D:2:      st_stairs_6, minmay_lizard_pond, uniq_robin
D:3:      lemuel_crystal_altar, first_bread
D:4:      hangedman_abyss_or_decor_slice, nicolae_qazlal_style_of_elements
D:7:      gammafunk_temple_overflow_pools, eat_drink_and_be_merry_uskayaw,
          temple_pool_b, enter_ossuary_1
Temple:   cyrus_temple_forest
Ossuary:  ossuary_minmay_scorpions

Skill      XL: |  1  2  3 |
---------------+----------+-----
Earth Magic    | 4 5 |  5.1
Dodging        | |  1.7
Stealth        | |  2.4
Spellcasting   | |  2.1
Transmutations | |  1.1

Action                   || total
-------------------------++-------
Melee: Dagger            ||     4
       Long sword        ||    31
 Cast: Sandblast         ||    12
 Abil: Shaft Self        ||     3
  Use: Scroll            ||     4
       Potion            ||     3
 Stab: Sleeping          ||     2
  Eat: Chunk             ||     1
Armor: Robe              ||     7
Dodge: Dodged            ||    29
       Rpst.: Long sword ||    12
